PIO (24 & UNDER)
JASPER COUGARS @ SURREY SINNERS
10/02/2029
 
TOP OF THE 1ST
Jasper Cougars batting - Pitching for Surrey Sinners : RHP Larry Simonds
Pitching: RHP Larry Simonds
Batting: RHB Ben Wilson 0-0: DOUBLE (Line Drive, 7LD)
Batting: LHB John Miller 0-0: Ball
1-0: Ground out 1-3 (Groundball, 15S)
Batting: RHB José Maldonado 0-0: Called Strike
0-1: Called Strike
0-2: Strikes out swinging
Batting: RHB Júlio González 0-0: Foul Ball, location: 2F
0-1: Ball
1-1: Foul Ball, location: 2F
1-2: Strikes out swinging
Top of the 1st over - 0 runs, 1 hit, 0 errors, 1 left on base; Jasper 0 - Surrey 0
BOTTOM OF THE 1ST
Surrey Sinners batting - Pitching for Jasper Cougars : RHP Juan Martínez
Pitching: RHP Juan Martínez
Batting: RHB Jason Nava 0-0: Ball
1-0: Ball
2-0: Ball
3-0: Base on Balls
Batting: RHB Robert Sipple 0-0: Fielders Choice at 2nd, 6-4 (Groundball, 56)
Batting: LHB Carlos Hernández 0-0: Ball
Robert Sipple is caught stealing 2nd base
1-0: Called Strike
1-1: SINGLE (Groundball, 34D)
Batting: LHB Robert Mann 0-0: Called Strike
0-1: Ball
1-1: Ball
2-1: Foul Ball, location: 2F
2-2: Fly out, F8 (Flyball, 8LS)
Bottom of the 1st over - 0 runs, 1 hit, 0 errors, 1 left on base; Jasper 0 - Surrey 0
TOP OF THE 2ND
Jasper Cougars batting - Pitching for Surrey Sinners : RHP Larry Simonds
Batting: SHB Jerry Young 0-0: Foul Ball, location: 2F
0-1: Called Strike
0-2: Foul Ball, location: 2F
0-2: Ball
1-2: Strikes out looking
Batting: RHB Alberto Morín 0-0: Ball
1-0: Called Strike
1-1: Fly out, F9 (Flyball, 9)
Batting: RHB Alberto Castillo 0-0: Foul Ball, location: 2F
0-1: Ball
1-1: SINGLE (Line Drive, 6MD)
Batting: RHB Preston Manning 0-0: DOUBLE (Line Drive, 89D)
Alberto Castillo to third
Runner from 3rd tries for Home, SAFE, no throw
Batting: RHB Richie Sawyer 0-0: Called Strike
0-1: Fly out, F6 (Popup, 4MS)
Top of the 2nd over - 1 run, 2 hits, 0 errors, 1 left on base; Jasper 1 - Surrey 0
BOTTOM OF THE 2ND
Surrey Sinners batting - Pitching for Jasper Cougars : RHP Juan Martínez
Batting: LHB Ugo Béland 0-0: Ball
1-0: Ball
2-0: Called Strike
2-1: Foul Ball, location: 2F
2-2: Fly out, F9 (Flyball, 9LSF)
Batting: RHB Jorge Barrios 0-0: Swinging Strike
0-1: Called Strike
0-2: DOUBLE (Flyball, 78D)
Batting: RHB Pat Simms 0-0: Called Strike
0-1: Foul Ball, location: 2F
0-2: Ball
1-2: Foul Ball, location: 2F
1-2: Strikes out swinging
Batting: LHB Joe Spears 0-0: Ball
1-0: Called Strike
1-1: Ball
2-1: Called Strike
2-2: Ground out 4-3 (Groundball, 4)
Bottom of the 2nd over - 0 runs, 1 hit, 0 errors, 1 left on base; Jasper 1 - Surrey 0
TOP OF THE 3RD
Jasper Cougars batting - Pitching for Surrey Sinners : RHP Larry Simonds
Batting: RHB Ben Wilson 0-0: Ball
1-0: Ball
2-0: Ball
3-0: Base on Balls
Batting: LHB John Miller 0-0: Ball
1-0: Ball
2-0: Swinging Strike
2-1: Ball
3-1: SINGLE (Line Drive, 78S)
Ben Wilson to second
Batting: RHB José Maldonado 0-0: Swinging Strike
0-1: Ball
1-1: Foul Ball, location: 2F
1-2: Strikes out swinging
Batting: RHB Júlio González 0-0: Ball
Ben Wilson is caught stealing 3rd base
John Miller to second
1-0: Ball
2-0: Foul Ball, location: 2F
2-1: Ball
3-1: SINGLE (Groundball, 34D)
John Miller to third
Runner from 3rd tries for Home, SAFE, no throw
Batting: SHB Jerry Young 0-0: Ball
Júlio González steals 2nd base
1-0: Foul Ball, location: 2F
1-1: Called Strike
1-2: Strikes out swinging
Top of the 3rd over - 1 run, 2 hits, 0 errors, 1 left on base; Jasper 2 - Surrey 0
BOTTOM OF THE 3RD
Surrey Sinners batting - Pitching for Jasper Cougars : RHP Juan Martínez
Batting: RHB Jeff Buck 0-0: Fly out, F7 (Flyball, 7D)
Batting: RHB Jason Nava 0-0: Ground out 5-3 (Groundball, 56)
Batting: RHB Robert Sipple 0-0: Ball
1-0: Ball
2-0: Ball
3-0: Base on Balls
Batting: LHB Carlos Hernández 0-0: Ball
Robert Sipple steals 2nd base
1-0: Ball
2-0: Swinging Strike
2-1: Foul Ball, location: 2F
2-2: 2-RUN HOME RUN (Flyball, 7LD), Distance : 348 ft
Batting: LHB Robert Mann 0-0: Called Strike
0-1: Ball
1-1: Ground out 6-3 (Groundball, 6M)
Bottom of the 3rd over - 2 runs, 1 hit, 0 errors, 0 left on base; Jasper 2 - Surrey 2
TOP OF THE 4TH
Jasper Cougars batting - Pitching for Surrey Sinners : RHP Larry Simonds
Batting: RHB Alberto Morín 0-0: Fly out, F6 (Popup, 56)
Batting: RHB Alberto Castillo 0-0: Foul Ball, location: 2F
0-1: Ground out 5-3 (Groundball, 56S)
Batting: RHB Preston Manning 0-0: Fly out, F9 (Flyball, 9LS)
Top of the 4th over - 0 runs, 0 hits, 0 errors, 0 left on base; Jasper 2 - Surrey 2
BOTTOM OF THE 4TH
Surrey Sinners batting - Pitching for Jasper Cougars : RHP Juan Martínez
Batting: LHB Ugo Béland 0-0: Ground out U3 (Groundball, 3)
Batting: RHB Jorge Barrios 0-0: Called Strike
0-1: Ball
1-1: Foul Ball, location: 2F
1-2: Foul Ball, location: 2F
1-2: Foul Ball, location: 2F
1-2: Ball
2-2: Ball
3-2: Foul Ball, location: 2F
3-2: Foul Ball, location: 2F
3-2: Strikes out swinging
Batting: RHB Pat Simms 0-0: SINGLE (Line Drive, 56D)
Batting: LHB Joe Spears 0-0: Ball
1-0: Called Strike
1-1: Ball
2-1: Foul Ball, location: 2F
2-2: Foul Ball, location: 2F
2-2: Ball
3-2: Ground out 4-3 (Groundball, 4)
Bottom of the 4th over - 0 runs, 1 hit, 0 errors, 1 left on base; Jasper 2 - Surrey 2
TOP OF THE 5TH
Jasper Cougars batting - Pitching for Surrey Sinners : RHP Larry Simonds
Batting: RHB Richie Sawyer 0-0: Called Strike
0-1: Called Strike
0-2: Ball
1-2: Ball
2-2: Foul Ball, location: 2F
2-2: Fly out, F9 (Flyball, 9S)
Batting: RHB Ben Wilson 0-0: Called Strike
0-1: Ball
1-1: Ball
2-1: SINGLE (Groundball, 34D)
Batting: LHB John Miller 0-0: Swinging Strike
0-1: Ball
1-1: SINGLE (Line Drive, 7S)
Ben Wilson to second
Batting: RHB José Maldonado 0-0: Ball
Wild Pitch!
Ben Wilson to third
John Miller to second
1-0: Intentional Walk
Batting: RHB Júlio González 0-0: Swinging Strike
0-1: Called Strike
0-2: Strikes out swinging
Batting: SHB Jerry Young 0-0: Ball
1-0: Foul Ball, location: 2F
1-1: Fly out, F9 (Line Drive, 9D)
Top of the 5th over - 0 runs, 2 hits, 0 errors, 3 left on base; Jasper 2 - Surrey 2
BOTTOM OF THE 5TH
Surrey Sinners batting - Pitching for Jasper Cougars : RHP Juan Martínez
Batting: RHB Jeff Buck 0-0: Ball
1-0: Called Strike
1-1: Ground out 6-3 (Groundball, 6)
Batting: RHB Jason Nava 0-0: Ball
1-0: Called Strike
1-1: Ground out 5-3 (Groundball, 5L)
Batting: RHB Robert Sipple 0-0: Called Strike
0-1: Ball
1-1: Called Strike
1-2: Ground out U3 (Groundball, 34)
Bottom of the 5th over - 0 runs, 0 hits, 0 errors, 0 left on base; Jasper 2 - Surrey 2
TOP OF THE 6TH
Jasper Cougars batting - Pitching for Surrey Sinners : RHP Larry Simonds
Batting: RHB Alberto Morín 0-0: Called Strike
0-1: Foul Ball, location: 2F
0-2: Foul Ball, location: 2F
0-2: Strikes out looking
Batting: RHB Alberto Castillo 0-0: Ball
1-0: Foul Ball, location: 2F
1-1: Foul Ball, location: 2F
1-2: Strikes out swinging
Batting: RHB Preston Manning 0-0: SINGLE (Line Drive, 34D)
Batting: RHB Richie Sawyer 0-0: Ball
1-0: Ball
2-0: Foul Ball, location: 2F
2-1: SINGLE (Flyball, 9LS)
Preston Manning to second
Runner from 2nd tries for 3rd, SAFE, no throw
Batting: RHB Ben Wilson 0-0: Called Strike
0-1: Ball
1-1: Ball
2-1: Foul Ball, location: 2F
2-2: Fielders Choice at 2nd, 5-4 (Groundball, 5)
Top of the 6th over - 0 runs, 2 hits, 0 errors, 2 left on base; Jasper 2 - Surrey 2
BOTTOM OF THE 6TH
Surrey Sinners batting - Pitching for Jasper Cougars : RHP Juan Martínez
Batting: LHB Carlos Hernández 0-0: Called Strike
0-1: Called Strike
0-2: SINGLE (Line Drive, 7LS)
Batting: LHB Robert Mann 0-0: Called Strike
0-1: Swinging Strike
0-2: Strikes out looking
Batting: LHB Ugo Béland 0-0: Ball
1-0: Foul Ball, location: 2F
1-1: Ball
2-1: Fly out, F7 (Flyball, 7D)
Batting: RHB Jorge Barrios 0-0: Ball
1-0: Foul Ball, location: 2F
1-1: Foul Ball, location: 2F
1-2: Strikes out looking
Bottom of the 6th over - 0 runs, 1 hit, 0 errors, 1 left on base; Jasper 2 - Surrey 2
TOP OF THE 7TH
Jasper Cougars batting - Pitching for Surrey Sinners : RHP Larry Simonds
Batting: LHB John Miller 0-0: Swinging Strike
0-1: Ball
1-1: Foul Ball, location: 2F
1-2: Ball
2-2: DOUBLE (Flyball, 8RXD)
Batting: RHB José Maldonado 0-0: Intentional Walk
Pinch Hitting: SHB Lonnie Washington 0-0: Called Strike
0-1: Hit by Pitch
John Miller to third
José Maldonado to second
Batting: SHB Jerry Young 0-0: Ball
1-0: Ball
2-0: Ball
3-0: Base on Balls
John Miller scores
José Maldonado to third
Lonnie Washington to second
Pitching: RHP Mauro Martínez
Batting: RHB Alberto Morín 0-0: Called Strike
Error on foul ball, E5
0-2: Ball
1-2: Ball
2-2: SINGLE (Groundball, 56D)
José Maldonado scores
Lonnie Washington to third
Jerry Young to second
Runner from 3rd tries for Home, SAFE, throw made home
Batting: RHB Alberto Castillo 0-0: Sac Bunt - play at first, batter OUT! 2-3
Jerry Young to third
Alberto Morín to second
Batting: RHB Preston Manning 0-0: Foul Ball, location: 2F
0-1: Ball
1-1: Foul Ball, location: 2F
1-2: Strikes out swinging
Batting: RHB Richie Sawyer 0-0: Swinging Strike
0-1: Reached on error, E8 (Flyball, 8RS)
Jerry Young scores
Alberto Morín scores
Batting: RHB Ben Wilson 0-0: Swinging Strike
0-1: Foul Ball, location: 2F
0-2: Ball
1-2: Strikes out swinging
Top of the 7th over - 5 runs, 2 hits, 2 errors, 1 left on base; Jasper 7 - Surrey 2
BOTTOM OF THE 7TH
Surrey Sinners batting - Pitching for Jasper Cougars : RHP Juan Martínez
Now at 2B: Lonnie Washington
Batting: RHB Pat Simms 0-0: Fly out, F9 (Flyball, 9S)
Batting: LHB Joe Spears 0-0: Ball
1-0: Called Strike
1-1: Ball
2-1: SINGLE (Line Drive, 8LS)
Batting: RHB Jeff Buck 0-0: Foul Ball, location: 2F
0-1: Called Strike
0-2: Strikes out swinging
Batting: RHB Jason Nava 0-0: Called Strike
0-1: Fielders Choice at 2nd, 6-4 (Groundball, 6D)
Bottom of the 7th over - 0 runs, 1 hit, 0 errors, 1 left on base; Jasper 7 - Surrey 2
TOP OF THE 8TH
Jasper Cougars batting - Pitching for Surrey Sinners : RHP Mauro Martínez
Batting: LHB John Miller 0-0: Called Strike
0-1: Swinging Strike
0-2: Ground out 1-3 (Groundball, 13)
Batting: RHB José Maldonado 0-0: Ball
1-0: Called Strike
1-1: Ball
2-1: Ball
3-1: Foul Ball, location: 2F
3-2: Base on Balls
Batting: SHB Lonnie Washington 0-0: Ball
1-0: Ball
2-0: Ground out 5-3 (Groundball, 5S)
José Maldonado to second
Batting: SHB Jerry Young 0-0: Ground out 6-3 (Groundball, 6M)
Top of the 8th over - 0 runs, 0 hits, 0 errors, 1 left on base; Jasper 7 - Surrey 2
BOTTOM OF THE 8TH
Surrey Sinners batting - Pitching for Jasper Cougars : RHP Juan Martínez
Batting: RHB Robert Sipple 0-0: Ground out 4-3 (Groundball, 4)
Batting: LHB Carlos Hernández 0-0: Called Strike
0-1: Ball
1-1: Foul Ball, location: 2F
1-2: Ball
2-2: Ball
3-2: Fly out, F8 (Flyball, 8LD)
Batting: LHB Robert Mann 0-0: Ball
1-0: Foul Ball, location: 2F
1-1: Ball
2-1: SINGLE (Groundball, 4M) (infield hit)
Batting: LHB Ugo Béland 0-0: Fly out, F7 (Flyball, 78D)
Bottom of the 8th over - 0 runs, 1 hit, 0 errors, 1 left on base; Jasper 7 - Surrey 2
TOP OF THE 9TH
Jasper Cougars batting - Pitching for Surrey Sinners : RHP Mauro Martínez
Batting: RHB Alberto Morín 0-0: Foul Ball, location: 2F
0-1: Swinging Strike
0-2: Ball
1-2: Ball
2-2: Strikes out looking
Batting: RHB Alberto Castillo 0-0: Foul Ball, location: 2F
0-1: Ball
1-1: Fly out, F7 (Line Drive, 7LD)
Batting: RHB Preston Manning 0-0: Foul Ball, location: 2F
0-1: Called Strike
0-2: Strikes out swinging
Top of the 9th over - 0 runs, 0 hits, 0 errors, 0 left on base; Jasper 7 - Surrey 2
BOTTOM OF THE 9TH
Surrey Sinners batting - Pitching for Jasper Cougars : RHP Juan Martínez
Batting: RHB Jorge Barrios 0-0: Called Strike
0-1: Ground out 5-3 (Groundball, 56S)
Batting: RHB Pat Simms 0-0: Called Strike
0-1: Swinging Strike
0-2: Foul Ball, location: 2F
0-2: Ball
1-2: Ball
2-2: SINGLE (Flyball, 7S)
Pitching: LHP Alberto Guerra
Batting: LHB Joe Spears 0-0: Swinging Strike
0-1: Ball
1-1: Swinging Strike
1-2: Strikes out swinging
Batting: RHB Jeff Buck 0-0: Ball
1-0: SINGLE (Line Drive, 4M)
Pat Simms to second
Batting: RHB Jason Nava 0-0: Ball
1-0: Ball
2-0: Called Strike
2-1: Foul Ball, location: 2F
2-2: Strikes out swinging
Bottom of the 9th over - 0 runs, 2 hits, 0 errors, 2 left on base; Jasper 7 - Surrey 2
Saturday, December 16th, 2017 - OOTP Baseball 18.8 Build 76